 Seeded DCSS version 0.31-a0-435-g2c6fae2916 (webtiles) character file.

Game seed: 3066185116294757272 (custom seed)

185 Gelion the Changeling (level 5, -11/54 HPs)
             Began as an Octopode Shapeshifter on Aug 2, 2023.
             Mangled by an ogre
             ... wielding a +0 giant club
              (13 damage)
             ... on level 4 of the Dungeon.
             The game lasted 00:05:27 (2001 turns).

Gelion the Changeling (Octopode Shapeshifter)       Turns: 2001, Time: 00:05:27

Health: -11/54     AC: 22    Str: 15    XL:     5   Next: 64%
Magic:  5/5        EV:  2    Int: 10    God:
Gold:   115        SH:  0    Dex: 14    Spells: 4/4 levels left

rFire   . . .        g - +1 quarterstaff (spect)
rCold   . . .        (shield currently unavailable)
rNeg    . . .        (helmet currently unavailable)
rPois   +            (no amulet)
rElec   .            (no ring)
rCorr   .            (no ring)
SInv    .            (no ring)
Will    .....        (no ring)
Stlth   +            (no ring)
HPRegen 0.29/turn    (no ring)
MPRegen 0.09/turn    (no ring)
                     (no ring)

%: no passive effects
@: tree-form
A: stationary, stasis, torment immunity, boosted hp, almost no armour,
(amphibious), 8 rings, (camouflage 1), (gelatinous body 1), (nimble swimmer 1),
(tentacles)
a: no special abilities


You were on level 4 of the Dungeon.
You were a tree.
You visited 1 branch of the dungeon, and saw 4 of its levels.

You collected 142 gold pieces.
You spent 27 gold pieces at shops.

Inventory:

Hand Weapons
 g - a +1 spectral quarterstaff (weapon)
Jewellery
 c - a ring of protection from fire
Talismans
 m - a serpent talisman
Scrolls
 d - 4 scrolls of butterflies {unknown}
 j - 2 scrolls of teleportation {unknown}
 k - a scroll of enchant armour {unknown}
 l - a scroll of amnesia {unknown}
 p - a scroll of immolation {unknown}
Potions
 a - a potion of lignification
 e - a potion of brilliance {unknown}
 f - 2 potions of heal wounds
 h - 3 potions of enlightenment {unknown}
 i - 2 potions of haste
 n - a potion of attraction
 o - a potion of degeneration {unknown}


   Skills:
 + Level 2.9 Fighting
 - Level 2.0 Dodging
 + Level 3.4 Unarmed Combat
 * Level 4.5 Shapeshifting


You had 4 spell levels left.
You didn't know any spells.
Your spell library was empty.

Dungeon Overview and Level Annotations

Branches:
Dungeon (4/15)
 Temple: D:4-7

Altars:
Vehumet

Shops:
D:2 [   D:3 *


Innate Abilities, Weirdness & Mutations

You are a tree.
Your roots penetrate the ground, keeping you stationary.
You cannot be teleported.
You are immune to unholy pain and torment.
Your maximum health is greatly increased.
You cannot wear most types of armour.
((You are amphibious.))
You can wear up to eight rings at the same time.
((Your skin changes colour to match your surroundings (Stealth+).))
((Your rubbery body absorbs attacks. (AC +1, EV +1)))
((You are camouflaged when in or above water. (Stealth+)))
((You have tentacles for arms and can constrict up to eight enemies at once.))


Message History

You are poisoned.
The adder poisons you!
You lash the adder!
You kill the adder!
You feel sick.
No target in view!
You feel sick.
You feel sick.
You feel sick.
You are no longer poisoned.
A giant cockroach comes into view.
Found a radiant altar of Vehumet.
The giant cockroach waves its antennae.
The giant cockroach waves its antennae.
You lash the giant cockroach!
You kill the giant cockroach!
Found a robe and 5 poisoned darts.
An ogre comes into view. It is wielding a +0 giant club.
Okay, then.
You see here a +0 robe.
The ogre shouts!
You see here a potion of lignification.
a - 2 potions of lignification (gained 1)
You see here a +0 robe.
Really quaff the potion of lignification?
Your transformation has ended.
Your +1 spectral quarterstaff unmelds from your body.
You feel a bond with your +1 spectral quarterstaff.
You turn into a tree.
Your roots penetrate the ground.
You hit the ogre.
The ogre is lightly wounded.
The ogre hits you with a +0 giant club!!
You hit the ogre. You punch the ogre.
The ogre is heavily wounded.
The ogre hits you with a +0 giant club!
* * * LOW HITPOINT WARNING * * *
You barely miss the ogre.
The ogre is heavily wounded.
The ogre hits you with a +0 giant club!
You die...

..................###...
.......................#
..........>............#
.....................)..
.......)....##..........
....[...#...##..........
............##........)†
##.#....#...##........†.
#....#♣#########.....<.
#.....#O.≈§≈§≈..#......
.......#.≈.[.§§≈.###....
.......#.≈.≈≈§§≈.# ##...
....####.≈§..§≈≈.# ##..
.... #.≈§._.§≈.# #.. ...
#.≈≈...≈≈.# ##. (.
#.≈§§≈≈.§.# .
#.≈.....≈.#


You could see an ogre.

Vanquished Creatures
  An iguana (D:4)
  7 adders
  A worm (D:2)
  A dart slug (D:4)
  6 orcs
  9 bats
  6 endoplasms
  6 giant cockroaches
  11 goblins
  7 hobgoblins
  5 kobolds
  2 quokkas (D:1)
  10 ball pythons
  4 frilled lizards
  4 rats
80 creatures vanquished.

Notes
Turn   | Place    | Note
-------+----------+-------------------------------------------
     0 | D:1      | Gelion the Octopode Shapeshifter began the quest for the
                  | Orb.
     0 | D:1      | Reached XP level 1. HP: 13/13 MP: 1/1
    74 | D:1      | Reached XP level 2. HP: 16/18 MP: 2/2
   364 | D:1      | Reached XP level 3. HP: 24/24 MP: 3/3
   834 | D:2      | Reached XP level 4. HP: 26/29 MP: 4/4
   851 | D:2      | Reached skill level 4 in Shapeshifting
  1063 | D:2      | Found Qabuz's Armour Emporium.
  1063 | D:2      | Noticed an animated crystal plate armour
  1064 | D:2      | Noticed an animated pearl dragon scales
  1234 | D:2      | Found a faded altar of an unknown god.
  1697 | D:3      | Reached XP level 5. HP: 35/35 MP: 5/5
  1795 | D:3      | Found Qovocuus's Assorted Antiques.
  1803 | D:3      | Bought a scroll labelled YNYANGUNGA for 27 gold pieces
  1976 | D:4      | Found a radiant altar of Vehumet.
  1984 | D:4      | Noticed an ogre
  2000 | D:4      | HP: 2/54 [ogre/+0 giant club (17)]
  2001 | D:4      | Mangled by an ogre

Illustrated notes

Levels and vault maps discovered:
D:1:      scummos_arrival_simple_crosswalls, layout_rooms,
          hangedman_decor_growths, hangedman_glass_teeth
D:2:      minmay_alternating_diamond, layout_basic, serial_shops,
          nicolae_shop_mannequins, hellmonk_ecumenical_altar_inner_sanctum
D:3:      layout_basic, serial_shops, nicolae_shop_just_a_little_nook,
          minivault_14
D:4:      layout_rooms, mainiacjoe_overflow_paths

Skill      XL: |  1  2  3  4 |
---------------+-------------+-----
Fighting       | 2 |  2.9
Shapeshifting  | 4 |  4.5
Dodging        | |  2.0
Unarmed Combat | |  3.4

Action                     |  1- 3 |  4- 6 || total
---------------------------+-------+-------++-------
  Melee: Unarmed           |    22 |     7 ||    29
         Constrict         |    14 |    17 ||    31
         Tentacles         |     6 |     8 ||    14
         Punch             |     1 |     1 ||     2
         Quarterstaff      |    26 |    51 ||    77
    Use: Scroll            |       |     3 ||     3
         Potion            |       |     1 ||     1
   Stab: Sleeping          |     4 |     9 ||    13
 Armour: Skin              |     6 |     6 ||    12
  Dodge: Dodged            |    26 |    26 ||    52
   Form: Anaconda          |       |     1 ||     1

Table legend: (Time is in decaauts)
 A = Elapsed time spent in this place.
 B = Non-inter-level travel time spent in this place.
 C = Inter-level travel time spent in this place.
 D = Time resting spent in this place.
 E = Time spent auto-exploring this place.
 F = Levels seen in this place.
 G = Mean time per level.
                   A        B        C        D        E       F      G
               +--------+--------+--------+--------+--------+-----+--------+
         Total |   2021 |   1969 |     52 |      0 |   1513 |   4 |  505.2 |
       Dungeon |   2021 |   1969 |     52 |      0 |   1513 |   4 |  505.2 |
               +--------+--------+--------+--------+--------+-----+--------+

Top non-repeatable levels by time:
     D:2: 679 daAuts
     D:1: 615 daAuts
     D:3: 595 daAuts
     D:4: 130 daAuts
